 Dungeon Crawl Stone Soup version 0.24.0-125-gc4c63601f3 (webtiles) character file.

Game seed: 6067014719761643156, levelgen mode: deterministic

236 Peloso the Shield-Bearer (level 5, -5/47 HPs)
             Began as a Minotaur Fighter on Mar 16, 2020.
             Succumbed to Edmund's poison
             ... on level 3 of the Dungeon.
             The game lasted 00:03:43 (2287 turns).

Peloso the Shield-Bearer (Minotaur Fighter)         Turns: 2287, Time: 00:03:43

Health: -5/47      AC: 10    Str: 20    XL:     5   Next: 77%
Magic:  4/4        EV:  3    Int:  5    God:
Gold:   167        SH: 10    Dex: 11    Spells: 4/4 levels left

rFire    . . .     SeeInvis .   a - +0 long sword
rCold    . . .     Gourm    .   c - +0 shield
rNeg     . . .     Faith    .   e - +0 chain mail
rPois    .         Spirit   .   (helmet restricted)
rElec    .         Reflect  .   g - +0 cloak
rCorr    .         Harm     .   (no gloves)
MR       .....                  (no boots)
Stlth    ..........             (no amulet)
HPRegen  0.15/turn              (no ring)
MPRegen  0.09/turn              (no ring)

@: lethally poisoned (-5 -> -59), constricted
A: retaliatory headbutt, horns 2
a: no special abilities


You were on level 3 of the Dungeon.
You were hungry.

You visited 1 branch of the dungeon, and saw 4 of its levels.

You collected 167 gold pieces.

Inventory:

Hand Weapons
 a - a +0 long sword (weapon)
Armour
 b - a +0 scale mail
 c - a +0 shield (worn)
 e - a +0 chain mail (worn)
 g - a +0 cloak (worn)
Scrolls
 i - 9 scrolls of identify {unknown}
 j - 3 scrolls of remove curse {unknown}
 k - a scroll of amnesia {unknown}
Potions
 d - 2 potions of might
Comestibles
 f - 9 rations


   Skills:
 + Level 4.6 Fighting
 + Level 4.4 Long Blades
 + Level 4.7 Armour
 + Level 1.4 Dodging
 + Level 5.1 Shields


You had 4 spell levels left.
You didn't know any spells.
Your spell library was empty.

Dungeon Overview and Level Annotations

Branches:
Dungeon (4/15)
 Temple: D:4-7

Altars:
Elyvilon
Fedhas
Nemelex Xobeh
Sif Muna
Zin

Annotations:
D:3 Edmund
D:4 Sigmund


Innate Abilities, Weirdness & Mutations

You reflexively headbutt those who attack you in melee.
You have a pair of horns on your head.


Message History

The ball python bites you but does no damage.
The ball python grabs you. The ball python constricts you.
Edmund hits you with a +1 flail of venom.
* * * LOW HITPOINT WARNING * * *
You are more poisoned.
You barely miss Edmund. Your headbutt misses Edmund.
Edmund is almost dead.
* * * LOW HITPOINT WARNING * * *
You feel very sick. The howler monkey barely misses you.
You furiously retaliate!
You headbutt the howler monkey! You block the ball python's attack.
The ball python constricts you.
The howler monkey hits you but does no damage.
Edmund says, "Everyone always remembers my brother. 'Who's Edmund?' they ask!"
Edmund hits you but does no damage.
You are more poisoned.
You block the ball python's attack. The ball python constricts you.
You hit Edmund.
Edmund is almost dead.
You die...

##########.## #.# #.# #
#....######.# #>#
#######.#.........# #.#
#......_.....###### #.#
#.#####.##.#.##.## #.#
...........#.#...## #####..
...###...#.#......## #......
...#
##..#.#....S..########.#.#.#
...#
#....)...@@................
...#
##.###.....h.#.######.#.#.#
...#####.# #......##.#
#.#.... .......<.#
#.#...#...# #.#.#..
#.#.###### #.##.##...#
#.#.#.#
#..#########.#####...#
#.#.#.# #........(...# ##.##
#...... #.############ #.#
###.... #.# #.# ###.#


You could see Edmund, a howler monkey and a ball python.

Vanquished Creatures
  Crazy Yiuf (D:2)
  Natasha (thrice) (D:2)
  4 adders
  2 worms
  A dart slug (D:2)
  A leopard gecko (D:1)
  12 orcs (D:3)
  A ball python (D:2)
  7 bats
  A giant cockroach (D:2)
  6 goblins
  4 hobgoblins
  3 jackals (D:1)
  A quokka (D:2)
  6 frilled lizards
  4 kobolds
  4 rats
61 creatures vanquished.

Vanquished Creatures (others)
  An orc wizard (D:3)
1 creature vanquished.

Grand Total: 62 creatures vanquished

Notes
Turn   | Place    | Note
-------+----------+-------------------------------------------
     0 | D:1      | Peloso the Minotaur Fighter began the quest for the Orb.
     0 | D:1      | Reached XP level 1. HP: 19/19 MP: 0/0
   166 | D:1      | Reached XP level 2. HP: 27/27 MP: 1/1
   626 | D:2      | Found a runed translucent door.
   627 | D:2      | Noticed Crazy Yiuf
   688 | D:2      | Reached skill level 4 in Shields
   688 | D:2      | Reached XP level 3. HP: 26/33 MP: 2/2
   823 | D:2      | Noticed Natasha
   831 | D:2      | Killed Natasha
   860 | D:2      | Found a sparkling altar of Nemelex Xobeh.
   877 | D:2      | Reached XP level 4. HP: 23/40 MP: 3/3
   976 | D:2      | Found a shimmering blue altar of Sif Muna.
   994 | D:2      | Noticed Natasha
  1007 | D:2      | Killed Natasha
  1007 | D:2      | Reached skill level 1 in Dodging
  1026 | D:2      | Noticed Natasha
  1036 | D:2      | Killed Natasha
  1403 | D:2      | Killed Crazy Yiuf
  1403 | D:2      | Reached XP level 5. HP: 24/47 MP: 4/4
  1520 | D:3      | Found a blossoming altar of Fedhas.
  1521 | D:3      | Found a white marble altar of Elyvilon.
  1581 | D:3      | Reached skill level 5 in Shields
  1648 | D:3      | Found a glowing silver altar of Zin.
  2269 | D:4      | Noticed Edmund
  2278 | D:4      | Noticed Sigmund
  2286 | D:3      | HP: 1/47 [poisoned by Edmund]
  2287 | D:3      | Succumbed to Edmund's poison

Levels and vault maps discovered:
D:1:      onia_arrival_mini_maze, layout_rooms
D:2:      layout_loops_ring, lemuel_doored_altar,
          nemelex_xobeh_ov_fountains_minmay, first_ration, minmay_tetromino_o2,
          uniq_crazy_yiuf_cottage, uniq_natasha
D:3:      layout_loops_ring, nicolae_overflow_hidden_temple,
          lemuel_crystal_altar, supply_closet_lemuel
D:4:      layout_rooms, chequers_temple_overflow_minitemple,
          minmay_crystal_water, uniq_sigmund, uniq_edmund

Skill      XL: |  1  2  3  4  5 |
---------------+----------------+-----
Armour         | 4 |  4.7
Fighting       | 4 |  4.6
Shields        | 4 5 |  5.1
Long Blades    | 3 4 |  4.4
Dodging        | 1 |  1.4

Action                   |  1- 3 |  4- 6 || total
-------------------------+-------+-------++-------
Melee: Long sword        |    63 |   124 ||   187
       Headbutt          |    14 |    24 ||    38
  Use: Potion            |     2 |     2 ||     4
  Eat: Chunk             |       |     4 ||     4
Armor: Chain mail        |    44 |    71 ||   115
       Scale mail        |     2 |       ||     2
Dodge: Dodged            |    18 |    21 ||    39
Block: Shield            |    43 |    68 ||   111
       Rpst.: Long sword |     4 |     5 ||     9
